 Dungeon Crawl Stone Soup version 0.30.0-19-g36f170ea60 (webtiles) character file.

Game seed: 8067165113165051332

86 Ijustatesigmund the Cudgeller (level 4, -2/27 HPs)
             Began as a Gargoyle Artificer on May 31, 2023.
             Slain by Natasha (5 damage)
             ... on level 2 of the Dungeon.
             The game lasted 00:03:05 (1704 turns).

Ijustatesigmund the Cudgeller (Gargoyle Artificer)  Turns: 1704, Time: 00:03:06

Health: -2/27      AC:  9    Str: 16    XL:     4   Next: 50%
Magic:  4/4        EV: 10    Int: 13    God:
Gold:   123        SH:  0    Dex: 10    Spells: 3/3 levels left

rFire   + . .        a - +0 whip
rCold   . . .        (no shield)
rNeg    + . .        b - +0 ring mail
rPois   ∞            (no helmet)
rElec   +            (no cloak)
rCorr   .            (no gloves)
SInv    .            (no boots)
Will    .....        (no amulet)
Stlth   +            k - ring of protection from fire
HPRegen 0.24/turn    (no ring)
MPRegen 0.09/turn

%: no passive effects
@: slowed, very slow
A: sickness immunity, AC +3, negative energy resistance 1, electricity
resistance, torment resistance 1, petrification resistance, wild magic 2
a: no special abilities


You were on level 2 of the Dungeon.
You visited 1 branch of the dungeon, and saw 2 of its levels.

You collected 123 gold pieces.

Inventory:

Hand Weapons
 a - a +0 whip (weapon)
Missiles
 m - 3 curare-tipped darts
Armour
 b - a +0 ring mail (worn)
Jewellery
 k - a ring of protection from fire (left hand)
Wands
 c - a wand of flame (7) (quivered)
 d - a wand of charming (15)
 e - a wand of iceblast (5)
Scrolls
 f - a scroll of amnesia
 h - a scroll of teleportation {unknown}
 i - 2 scrolls of immolation {unknown}
 j - a scroll of enchant armour {unknown}
 l - 2 scrolls of enchant weapon {unknown}
Potions
 g - 3 potions of curing


   Skills:
 + Level 2.7 Fighting
 * Level 3.2 Maces & Flails
 - Level 2.1 Armour
 - Level 0.7 Dodging
 - Level 1.1 Stealth
 - Level 2.6 Evocations


You had 3 spell levels left.
You didn't know any spells.
Your spell library contained the following spells:

 Spells                   Type           Power      Damage    Failure   Level
 Dazzling Flash           Conj/Hex       0%         N/A       94%         3
 Agony                    Necr           0%         N/A       100%        5
 Silence                  Hex/Air        0%         N/A       100%        5


Dungeon Overview and Level Annotations

Branches:
Dungeon (2/15)

Altars:
Xom

Annotations:
D:2 Natasha


Innate Abilities, Weirdness & Mutations

You are immune to sickness and miasma.
Your stone body is resilient. (AC +3)
You are immune to poison.
You resist negative energy. (rN+)
You are resistant to electric shocks. (rElec)
You are resistant to unholy torment.
You are immune to petrification.
Your spells are harder to cast, but more powerful.


Message History

You feel yourself slow down.
You hit Natasha.
Natasha is heavily wounded.
Natasha barely misses you.
You completely miss Natasha.
Natasha is heavily wounded.
Natasha claws you but does no damage. x2
You hit Natasha but do no damage.
Natasha is heavily wounded.
Natasha closely misses you.
You hit Natasha.
Natasha is severely wounded.
Natasha growls.
Natasha claws you but does no damage. Natasha barely misses you.
You hit Natasha.
Natasha is almost dead.
Natasha claws you.
You are too injured to fight recklessly!
You are too injured to fight recklessly!
You are too injured to fight recklessly!
You are too injured to fight recklessly!
You are too injured to fight recklessly!
You are too injured to fight recklessly!
You are too injured to fight recklessly!
You are too injured to fight recklessly!
You are too injured to fight recklessly!
You are too injured to fight recklessly!
You are too injured to fight recklessly!
You are too injured to fight recklessly!
You are too injured to fight recklessly!
You are too injured to fight recklessly!
You barely miss Natasha.
Natasha is almost dead.
Natasha casts a spell at you. The magic dart hits you!
* * * LOW HITPOINT WARNING * * *
You hit Natasha.
Natasha is almost dead.
Natasha claws you.
You die...

#....# .# ###.##.##^####
#....).......#
#.#.(#.#####.# #.#..#)#
#.# # #. #.#####.#####
##### #. #.#.........#
##...# #
#...#######.###..... #
###@# ##..........
#..###h# ##...........
#......# #.....#......
######.## ##)..###.....
######..## ##..# ##....
..........#####.# #####
#######.......>.########
##................
######...########


You could see Natasha.

Vanquished Creatures
  Natasha (D:2)
  A gnoll (D:1)
  An adder (D:2)
  2 worms (D:2)
  A bat (D:2)
  2 endoplasms (D:1)
  A giant cockroach (D:1)
  7 goblins
  4 hobgoblins
  4 jackals (D:2)
  A quokka (D:2)
  A ball python (D:1)
  A frilled lizard (D:1)
  3 kobolds
  5 rats
35 creatures vanquished.

Notes
Turn   | Place    | Note
-------+----------+-------------------------------------------
     0 | D:1      | Ijustatesigmund the Gargoyle Artificer began the quest for
                  | the Orb.
     0 | D:1      | Reached XP level 1. HP: 12/12 MP: 1/1
    92 | D:1      | Reached skill level 1 in Maces & Flails
    92 | D:1      | Reached XP level 2. HP: 10/17 MP: 2/2
   521 | D:1      | Reached skill level 2 in Maces & Flails
   749 | D:1      | Reached XP level 3. HP: 21/21 MP: 3/3
   967 | D:2      | Found a shimmering altar of Xom.
  1168 | D:2      | Gained mutation: Your spells are a little harder to cast,
                  | but a little more powerful. [potion of mutation]
  1168 | D:2      | Gained mutation: Your spells are harder to cast, but more
                  | powerful. [potion of mutation]
  1423 | D:2      | Reached XP level 4. HP: 24/27 MP: 4/4
  1575 | D:2      | Noticed Natasha
  1588 | D:2      | Killed Natasha
  1589 | D:2      | Reached skill level 3 in Maces & Flails
  1689 | D:2      | Noticed Natasha
  1704 | D:2      | Slain by Natasha

Illustrated notes

Levels and vault maps discovered:
D:1:      mrwooster_arrival_statue_2, layout_basic, nicolae_grassy_gnolls
D:2:      layout_loops_ring, basic_altar, serial_aquarium,
          aquarium_bridge_square [aquarium_subvault_bridge,
          aquarium_subvault_balcony, aquarium_subvault_balcony,
          aquarium_subvault_bridge], aquarium_window_1, aquarium_window_1,
          aquarium_window_fake, aquarium_window_fake, aquarium_view_4,
          aquarium_balcony_3a, aquarium_pool_2, uniq_natasha

Skill      XL: |  1  2  3  4 |
---------------+-------------+-----
Maces & Flails | 1 2 3 |  3.2
Fighting       | 2 |  2.7
Armour         | |  2.1
Dodging        | |  0.7
Stealth        | |  1.1
Evocations     | |  2.6

Action                     |  1- 3 |  4- 6 || total
---------------------------+-------+-------++-------
  Melee: Whip              |   162 |    28 ||   190
  Evoke: Wand              |     8 |       ||     8
    Use: Scroll            |     5 |       ||     5
         Potion            |     1 |       ||     1
 Armour: Ring mail         |    70 |    10 ||    80
  Dodge: Dodged            |    86 |     9 ||    95
